 Dungeon Crawl Stone Soup version 0.27-a0-170-g607d9e9d85 (webtiles) character file.

Game seed: 6257553590337444894

33233 kae the Grappler (level 13, -2/133 HPs)
             Began as a Yellow Draconian Transmuter on Jan 28, 2021.
             Was a High Priest of Ru.
             Slain by an eight-headed hydra (11 damage)
             ... on level 4 of the Lair of Beasts.
             The game lasted 00:15:23 (25829 turns).

kae the Grappler (Yellow Draconian Transmuter)     Turns: 25829, Time: 00:15:23

Health: -2/133     AC:  6    Str: 17    XL:     13   Next: 35%
Magic:  19/24      EV: 13    Int: 12    God:    Ru [*****.]
Gold:   887        SH:  0    Dex: 12    Spells: 14/27 levels left

rFire    . . .     SeeInvis .     - Unarmed
rCold    + + .     Faith    .   (shield currently unavailable)
rNeg     + . .     Spirit   .   (armour unavailable)
rPois    +         Reflect  .   (helmet currently unavailable)
rElec    .         Harm     .   (cloak currently unavailable)
rCorr    .         Rampage  .   (gloves currently unavailable)
Will     .....                  (boots currently unavailable)
Stlth    ..........             n - amulet of the acrobat
HPRegen  0.32/turn              k - ring of fire
MPRegen  0.19/turn              y - ring of positive energy

@: ice-form
A: large, (spit acid), unfitting armour, dopey 1, no stealth, hated by all, no
hexes magic, no poison magic, no translocations magic, unskilled 1, AC +8
a: End Transformation, Renounce Religion, Draw Out Power, Power Leap, Apocalypse


You were on level 4 of the Lair of Beasts.
You worshipped Ru.
Ru was extremely pleased with you.
You were a creature of crystalline ice.
You visited 3 branches of the dungeon, and saw 16 of its levels.

You collected 958 gold pieces.
You spent 71 gold pieces at shops.

Inventory:

Armour
 c - a +1 pair of gloves
 x - a +0 cloak (melded)
 A - the +2 pair of gloves of Ricah (melded) {rN+}
   (You found it on level 9 of the Dungeon)

   It protects you from negative energy.
Jewellery
 k - a ring of fire (left front paw)
 n - an amulet of the acrobat (around neck)
 y - a ring of positive energy (right front paw)
 I - an uncursed ring of ice
Wands
 g - a wand of acid (26)
 o - a wand of iceblast (12)
 s - a wand of polymorph (6)
 C - a wand of paralysis (17)
 G - a wand of digging (1)
 K - a wand of random effects (20)
Scrolls
 a - a scroll of enchant weapon
 b - 2 scrolls of magic mapping
 e - 4 scrolls of remove curse
 h - 10 scrolls of identify
 i - 4 scrolls of fear
 j - 10 scrolls of teleportation
 p - 6 scrolls of immolation
 t - 3 scrolls of enchant armour
 v - 2 scrolls of fog
 w - 6 scrolls of amnesia
 J - 2 scrolls of silence
 L - a scroll of holy word {unknown}
Potions
 d - 2 potions of lignification
 f - a potion of ambrosia
 l - a potion of flight
 m - 2 potions of might
 q - 2 potions of brilliance
 r - 4 potions of mutation
 u - 3 potions of heal wounds
 z - 3 potions of attraction
 B - 2 potions of haste
 D - a potion of magic
 E - a potion of cancellation
 F - 2 potions of curing
 H - a potion of resistance


   Skills:
 + Level 9.3 Fighting
 + Level 7.9 Dodging
 * Level 12.1 Unarmed Combat
 + Level 7.9 Spellcasting
 + Level 8.6 Transmutations
 - Level 4.5 Ice Magic


You had 14 spell levels left.
You knew the following spells:

 Your Spells              Type           Power        Failure   Level
a - Beastly Appendage     Tmut           50%          1%          1
b - Spider Form           Tmut/Pois      7%           8%          3
c - Ice Form              Ice/Tmut       20%          10%         4
d - Blade Hands           Tmut           12%          12%         5

Your spell library contained the following spells:

 Spells                   Type           Power        Failure   Level
 Wereblood                Tmut           25%          1%          2
 Shock                    Conj/Air       16%          16%         1
 Swiftness                Air            4%           22%         2
 Static Discharge         Conj/Air       4%           41%         3
 Airstrike                Air            2%           83%         4
 Lightning Bolt           Conj/Air       2%           99%         5
 Sting                    Tmut/Pois      Unusable     N/A         1
 Ignite Poison            Fire/Tmut/Pois Unusable     N/A         3
 Summon Small Mammal      Summ           Unusable     N/A         1
 Call Imp                 Summ           Unusable     N/A         2
 Poisonous Vapours        Pois/Air       Unusable     N/A         2
 Call Canine Familiar     Summ           Unusable     N/A         3
 Mephitic Cloud           Conj/Pois/Air  Unusable     N/A         3
 Summon Guardian Golem    Hex/Summ       Unusable     N/A         3
 Summon Ice Beast         Ice/Summ       Unusable     N/A         4
 Olgreb's Toxic Radiance  Pois           Unusable     N/A         4
 Summon Lightning Spire   Summ/Air       Unusable     N/A         4

Dungeon Overview and Level Annotations

Branches:
Dungeon (11/15)            Temple (1/1) D:4            Lair (4/6) D:10
  Swamp (0/4) Lair:3        Snake (0/4) Lair:2          Orc (0/2) D:10

Altars:
Ashenzari
Cheibriados
Dithmenos
Elyvilon
Fedhas
Gozag
Hepliaklqana
Kikubaaqudgha
Makhleb
Nemelex Xobeh
Okawaru
Qazlal
Ru
Sif Muna
Trog
Uskayaw
Vehumet
Wu Jian
Xom
Yredelemnul
Zin
The Shining One

Shops:
D:5 !   D:10 *


Innate Abilities, Weirdness & Mutations

((You can spit globs of acid.))
((Your golden yellow scales are hard. (AC +8)))
You cannot fit into any form of body armour.
You are dopey. (Int -2)
((You are cold-blooded and may be slowed by cold attacks.))
You cannot be stealthy.
You are hated by all.
You cannot study or cast Hexes magic.
You cannot study or cast Poison magic.
You cannot study or cast Translocations magic.
You are somewhat unskilled. (-1 Apt)
((You are resistant to acid. (rCorr)))


Message History

The eight-headed hydra is severely wounded.
An elephant comes into view.
The eight-headed hydra is stunned by your conviction and fails to attack.
You hit the eight-headed hydra. You freeze the eight-headed hydra.
The eight-headed hydra is severely wounded.
The eight-headed hydra bites you.
* * * LOW HITPOINT WARNING * * *
You focus your inner power and blind the eight-headed hydra in retribution!
The eight-headed hydra bites you.
* * * LOW HITPOINT WARNING * * *
The eight-headed hydra bites you but does no damage.
The eight-headed hydra bites you.
* * * LOW HITPOINT WARNING * * *
The eight-headed hydra bites you.
* * * LOW HITPOINT WARNING * * *
The eight-headed hydra completely misses you.
The eight-headed hydra bites you!
* * * LOW HITPOINT WARNING * * *
The eight-headed hydra bites you!
You die...

##.###
#......
#..#.#
##P#...
##..##
###... ####
#... ######
#...
###....#
#...
#...##.#
#...
#.####.#####
#.#. #Y#
#.....# #...
#D# ####..##
##.. ##Y#
#.#.# #.#.
#YY#
#.P.###...
#.##
#.........
#†#
####......
##Y# ##.....
#..# #......
#..# ##.....


You could see an eight-headed hydra (blind, slow) and 4 elephants.

Vanquished Creatures
  Fannar (Lair:1)
  A hydra (Lair:2)
  Harold (Lair:2)
  Erica (D:10)
  A two-headed ogre (D:9)
  3 death yaks (D:10)
  A necromancer (D:9)
  Pikel (D:4)
  An orc knight (D:11)
  An orc sorcerer (D:11)
  An ugly thing (D:11)
  A manticore (D:11)
  A cyclops (D:11)
  5 elephants (Lair:4)
  A black mamba (Lair:2)
  Maggie (Lair:1)
  A gargoyle (D:10)
  9 cane toads
  3 rime drakes
  3 komodo dragons
  3 polar bears
  4 trolls
  Grinder (D:4)
  Prince Ribbit (D:8)
  7 blink frogs
  A shadow (D:11)
  A wraith (D:11)
  34 yaks
  A basilisk (Lair:3)
  Eustachio (D:4)
  Grum (Lair:1)
  2 nagas (Lair:2)
  10 water moccasins
  3 ice beasts
  A black bear (Lair:2)
  6 orc warriors
  2 hornet zombies
  7 ogres
  3 phantoms
  A necrophage (D:11)
  3 centaurs
  17 wolves
  2 lemures (D:4)
  2 big kobolds
  16 bullfrogs
  A wyvern skeleton (D:6)
  3 scorpions
  11 killer bees (D:7)
  13 wights
  6 howler monkeys
  3 centaur zombies
  8 electric eels (Lair:3)
  2 bullfrog zombies
  4 hounds
  2 jellies
  6 orc priests
  10 orc wizards
  A gnoll shaman (D:9)
  2 iguanas
  2 bullfrog skeletons
  A centaur skeleton (D:8)
  Ijyb (D:3)
  7 hell rats
  9 worker ants
  2 yak simulacra (D:9)
  4 polar bear simulacra (D:9)
  2 wolf simulacra (D:9)
  A hound zombie (D:5)
  A howler monkey skeleton (D:6)
  8 gnolls
  15 adders
  A river rat (D:10)
  2 shadow imps (D:9)
  5 white imps
  5 ufetubi
  An adder skeleton (D:6)
  3 worms
  16 leopard geckos
  67 orcs
  A ball python (D:1)
  5 giant cockroaches
  8 goblins
  4 hobgoblins
  5 jackals
  3 quokkas
  6 bats
  4 frilled lizards
  A giant cockroach zombie (D:6)
  A jackal zombie (D:5)
  17 kobolds
  A leopard gecko skeleton (D:4)
  A leopard gecko zombie (D:4)
  11 rats
  3 river rat simulacra (D:9)
464 creatures vanquished.

Vanquished Creatures (others)
  A blink frog (Lair:2)
  A yak (Lair:2)
  A bullfrog (Lair:2)
  A worker ant (D:9)
  20 fungi
  37 plants
  6 withered plants (D:9)
67 creatures vanquished.

Grand Total: 531 creatures vanquished

Notes
Turn   | Place    | Note
-------+----------+-------------------------------------------
     0 | D:1      | kae the Draconian Transmuter began the quest for the Orb.
     0 | D:1      | Reached XP level 1. HP: 16/16 MP: 3/3
   552 | D:1      | Reached XP level 2. HP: 23/23 MP: 3/5
  1118 | D:2      | Found a sacrificial altar of Ru.
  1135 | D:2      | Reached XP level 3. HP: 29/29 MP: 3/6
  1144 | D:2      | Became a worshipper of Ru the Awakened
  1855 | D:2      | You fall into a shaft and drop 2 floors!
  1909 | D:3      | Reached XP level 4. HP: 4/36 MP: 7/7
  2265 | D:3      | Reached skill level 4 in Unarmed Combat
  2272 | D:3      | Learned a level 3 spell: Spider Form
  2298 | D:3      | Reached XP level 5. HP: 38/41 MP: 9/9
  2303 | D:3      | Learned a level 4 spell: Ice Form
  2451 | D:3      | HP: 2/41 [poisoned by an adder]
  3001 | D:2      | Reached skill level 1 in Poison Magic
  3375 | D:3      | Gained mutation: You are dopey. (Int -2) [Ru sacrifice]
  3508 | D:3      | Reached skill level 1 in Ice Magic
  3597 | D:3      | Noticed Ijyb
  3613 | D:3      | Killed Ijyb
  3614 | D:3      | Reached XP level 6. HP: 50/50 MP: 6/10
  4416 | D:4      | Noticed Grinder
  4416 | D:4      | Paralysed by Grinder for 7 turns
  4451 | D:4      | Killed Grinder
  4452 | D:4      | Your scales start taking on a golden yellow colour.
  4452 | D:4      | Reached XP level 7. HP: 39/56 MP: 7/11
  4452 | D:4      | Gained mutation: You are resistant to acid. (rCorr) [Yellow
                  | Draconian growth]
  4730 | D:4      | Found a staircase to the Ecumenical Temple.
  4731 | D:4      | Noticed Pikel
  5031 | Temple   | Entered the Ecumenical Temple
  5202 | D:4      | Killed Pikel
  5203 | D:4      | Reached skill level 5 in Unarmed Combat
  5203 | D:4      | Reached XP level 8. HP: 32/66 MP: 7/13
  5655 | D:4      | Noticed Eustachio
  5665 | D:4      | Killed Eustachio
  6106 | D:5      | Entered Level 5 of the Dungeon
  6291 | D:5      | Found Yrisk's Distillery.
  6294 | D:5      | Bought a potion of lignification for 45 gold pieces
  6427 | D:5      | Reached skill level 6 in Unarmed Combat
  7035 | D:5      | Gained mutation: You cannot study or cast Poison magic. [Ru
                  | sacrifice]
  7035 | D:5      | Gained mutation: You cannot study or cast Hexes magic. [Ru
                  | sacrifice]
  7035 | D:5      | Gained mutation: You cannot study or cast Translocations
                  | magic. [Ru sacrifice]
  7035 | D:5      | Reached * piety under Ru
  7035 | D:5      | Reached ** piety under Ru
  7603 | D:6      | Reached XP level 9. HP: 65/72 MP: 7/15
  7948 | D:6      | Reached skill level 5 in Ice Magic
  8346 | D:6      | Reached skill level 7 in Unarmed Combat
  8454 | D:6      | Reached skill level 5 in Fighting
  8818 | D:7      | Reached skill level 5 in Transmutations
  8962 | D:7      | Noticed a troll
  9176 | D:7      | Killed a troll
  9454 | D:7      | Reached skill level 5 in Dodging
  9602 | D:7      | Gained mutation: You cannot be stealthy. [Ru sacrifice]
  9635 | D:7      | Reached skill level 8 in Unarmed Combat
  9635 | D:7      | Reached skill level 5 in Spellcasting
  9759 | D:7      | Found a blossoming altar of Fedhas.
  9967 | D:7      | Reached XP level 10. HP: 83/83 MP: 12/17
 10948 | D:8      | Noticed Prince Ribbit
 10962 | D:8      | Killed Prince Ribbit
 11111 | D:8      | Found a shimmering altar of Xom.
 11920 | D:9      | Got a pair of crude gloves
 11940 | D:9      | Identified the +2 pair of gloves of Ricah {rN+} (You found
                  | it on level 9 of the Dungeon)
 12421 | D:9      | Gained mutation: You are hated by all. [Ru sacrifice]
 12421 | D:9      | Reached *** piety under Ru
 12421 | D:9      | Reached **** piety under Ru
 12440 | D:9      | Found an ancient bone altar of Kikubaaqudgha.
 12457 | D:9      | Reached skill level 9 in Unarmed Combat
 12684 | D:9      | Noticed a necromancer
 12700 | D:9      | Killed a necromancer
 13103 | D:9      | Found a radiant altar of Vehumet.
 13552 | D:9      | Noticed a two-headed ogre
 13563 | D:9      | Found a shadowy altar of Dithmenos.
 13569 | D:9      | Killed a two-headed ogre
 13927 | D:10     | Entered Level 10 of the Dungeon
 14063 | D:10     | Found a staircase to the Orcish Mines.
 14133 | D:10     | Reached XP level 11. HP: 87/92 MP: 18/20
 14621 | D:10     | Noticed a death yak
 14623 | D:10     | Noticed a death yak
 14625 | D:10     | Found a staircase to the Lair.
 14625 | D:10     | Noticed a death yak
 14639 | D:10     | Killed a death yak
 14640 | D:10     | Reached skill level 10 in Unarmed Combat
 14643 | D:10     | Killed a death yak
 14983 | D:10     | Noticed Erica
 14995 | D:10     | Killed Erica
 15162 | D:10     | Found Horghiusch's General Store.
 15168 | D:10     | Bought a scroll of identify for 26 gold pieces
 15188 | D:10     | Killed a death yak
 15361 | D:10     | Gained mutation: You are somewhat unskilled. (-1 Apt) [Ru
                  | sacrifice]
 15361 | D:10     | Reduced skill Unarmed Combat to level 9
 15361 | D:10     | Reached ***** piety under Ru
 15944 | D:11     | Learned a level 5 spell: Blade Hands
 16148 | D:11     | Reached skill level 10 in Unarmed Combat
 16550 | D:11     | Noticed an orc knight
 16561 | D:11     | Noticed an orc sorcerer
 16568 | D:11     | Killed an orc knight
 16572 | D:11     | Killed an orc sorcerer
 17350 | D:11     | Noticed a red ugly thing
 17361 | D:11     | Killed a red ugly thing
 17362 | D:11     | Reached XP level 12. HP: 13/101 MP: 17/21
 17963 | Lair:1   | Entered Level 1 of the Lair of Beasts
 18178 | Lair:1   | Noticed Maggie
 18195 | Lair:1   | Killed Maggie
 18731 | Lair:1   | Noticed Grum
 18731 | Lair:1   | Noticed Fannar
 19418 | Lair:1   | Killed Fannar
 19838 | Lair:1   | Killed Grum
 20145 | Lair:2   | Noticed Harold
 20656 | Lair:2   | Reached skill level 11 in Unarmed Combat
 20688 | Lair:2   | Killed Harold
 21431 | Lair:2   | Noticed a four-headed hydra
 21439 | Lair:2   | Killed a four-headed hydra
 22080 | Lair:2   | Found a staircase to the Snake Pit.
 23125 | Lair:3   | Reached XP level 13. HP: 110/110 MP: 20/24
 23350 | Lair:3   | Found a staircase to the Swamp.
 25123 | Lair:4   | Reached skill level 12 in Unarmed Combat
 25829 | Lair:4   | Slain by an eight-headed hydra

Illustrated notes

Levels and vault maps discovered:
D:1:      sevenhm_arrival_forest_fort_small_3, layout_loops_cross,
          minmay_misc_feat_tiny, hangedman_abyss_or_decor_lesser_grid,
          hangedman_decor_riveting
D:2:      layout_loops_ring, hangedman_ru_absence
D:3:      layout_basic, uniq_ijyb
D:4:      layout_loops_ring, minmay_temple_entry_proselytizer,
          kennysheep_generic_room_2, uniq_pikel, uniq_eustachio, uniq_grinder
D:5:      layout_basic, serial_shops, kennysheep_mini_moat
D:6:      layout_cave_pods
D:7:      layout_loops_ring, fedhas_ov_isle_minmay, kb_rosetta
D:8:      layout_loops_corners, nicolae_overflow_crystal_walls,
          uniq_prince_ribbit1
D:9:      layout_basic, grunt_dithmenos_shadows, kiku_gazebo_garden_becter,
          lemuel_doored_altar, eino_house_with_fridge
D:10:     layout_long_grid, dpeg_lair_monsters, david_orc_3, serial_shops,
          shop_statue, uniq_erica
D:11:     layout_stronghold, kennysheep_generic_room_3
Temple:   lightli_temple_of_artemis
Lair:1:   layout_regular_city, guppyfry_lair_drakes, infiniplex_staircase_pool,
          uniq_fannar, uniq_maggie, uniq_grum
Lair:2:   layout_layer_cave, guppyfry_snake_entry_garden, uniq_harold
Lair:3:   layout_gridlike, minmay_swamp_entry_eels, serial_bayou,
          serial_bayou_lagoon_b, serial_bayou_pond_d, serial_bayou_pond_d,
          serial_bayou_ford_a, lemuel_fruit_tree
Lair:4:   dragon1_lemuel, layout_loops_ring

Skill      XL: |  1  2  3  4  5  6  7  8  9 10 11 12 13 |
---------------+----------------------------------------+-----
Dodging        | 2 3 4 5 6 7 |  7.9
Fighting       | 2 3 4 5 7 8 9 |  9.3
Unarmed Combat | 4 5 6 8 9 10 11 12 | 12.1
Poison Magic   | 1 2 3 0 |  0.0
Transmutations | 3 4 5 6 7 8 |  8.6
Ice Magic      | 1 2 3 4 5 4 |  4.5
Spellcasting   | 3 4 5 6 7 |  7.9

Action                   |  1- 3 |  4- 6 |  7- 9 | 10-12 | 13-15 || total
-------------------------+-------+-------+-------+-------+-------++-------
Melee: Unarmed           |    96 |   182 |   344 |   675 |   131 ||  1428
       Tailslap          |    12 |     7 |    18 |    30 |     7 ||    74
       Headbutt          |     8 |     9 |     1 |       |     1 ||    19
       Kick              |     5 |    18 |     2 |       |       ||    25
       Punch             |     1 |       |     4 |    16 |     3 ||    24
 Cast: Beastly Appendage |    25 |    20 |     4 |       |     1 ||    50
       Spider Form       |       |    11 |    12 |       |       ||    23
       Ice Form          |       |       |    25 |    66 |     9 ||   100
       Blade Hands       |       |       |       |    25 |    12 ||    37
Invok: Sacrifice Purity  |       |     1 |       |       |       ||     1
       Sacrifice Arcana  |       |       |     1 |       |       ||     1
       Sacrifice Stealth |       |       |     1 |       |       ||     1
       Sacrifice Love    |       |       |       |     1 |       ||     1
       Sacrifice Skill   |       |       |       |     1 |       ||     1
       Draw Out Power    |       |       |       |     1 |       ||     1
       Reject Sacrifices |       |       |       |     1 |       ||     1
 Abil: Breathe Acid      |       |       |       |     5 |     6 ||    11
       End Transformatio |       |       |       |       |     2 ||     2
Evoke: Wand              |       |       |       |       |    15 ||    15
  Use: Potion            |     2 |     3 |       |     1 |     1 ||     7
       Scroll            |       |       |    15 |    11 |       ||    26
 Stab: Sleeping          |     1 |     1 |     1 |       |       ||     3
       Distracted        |       |       |     1 |     1 |     3 ||     5
       Invisible         |       |       |       |     6 |       ||     6
       Paralysed         |       |       |       |     5 |       ||     5
Armor: Skin              |    35 |    37 |    76 |   109 |    17 ||   274
Dodge: Dodged            |    90 |   118 |   197 |   442 |    72 ||   919

Table legend: (Time is in decaauts)
 A = Elapsed time spent in this place.
 B = Non-inter-level travel time spent in this place.
 C = Inter-level travel time spent in this place.
 D = Time resting spent in this place.
 E = Time spent auto-exploring this place.
 F = Levels seen in this place.
 G = Mean time per level.
                   A        B        C        D        E       F      G
               +--------+--------+--------+--------+--------+-----+--------+
         Total |  25640 |  25173 |    467 |   4015 |  17993 |  16 | 1602.5 |
       Dungeon |  17714 |  17402 |    312 |   2344 |  12658 |  11 | 1610.4 |
        Temple |    105 |     88 |     17 |      0 |     87 |   1 |  105.0 |
          Lair |   7821 |   7683 |    138 |   1671 |   5248 |   4 | 1955.2 |
               +--------+--------+--------+--------+--------+-----+--------+

Top non-repeatable levels by time:
  Lair:2: 2506 daAuts
  Lair:1: 2476 daAuts
     D:9: 2333 daAuts
    D:11: 2307 daAuts
     D:3: 2079 daAuts
     D:6: 1814 daAuts
  Lair:3: 1713 daAuts
     D:4: 1692 daAuts
    D:10: 1493 daAuts
     D:8: 1370 daAuts
     D:7: 1363 daAuts
     D:2: 1298 daAuts
  Lair:4: 1125 daAuts
     D:1: 989 daAuts
     D:5: 971 daAuts
